 Dungeon Crawl Stone Soup version 0.30-a0-782-ge64f9170bb (webtiles) character file.

Game seed: 12862210315879480056

694 HoaS the Grappler (level 7, -1/55 HPs)
             Began as a Ghoul Gladiator on Mar 10, 2023.
             Was a Follower of Cheibriados.
             Engulfed by a steam dragon's steam (2 damage)
             ... on level 5 of the Dungeon.
             The game lasted 00:07:53 (3092 turns).

HoaS the Grappler (Ghoul Gladiator)                 Turns: 3092, Time: 00:07:53

Health: -1/55      AC: 11    Str: 22    XL:     7   Next: 64%
Magic:  8/8        EV:  6    Int:  5    God:    Cheibriados [*.....]
Gold:   260        SH:  0    Dex: 12    Spells: 6/6 levels left

rFire   . . .      SeeInvis .      - Unarmed
rCold   + . .      Faith    .    (no shield)
rNeg    + + +      Spirit   .    k - +0 plate armour
rPois   ∞          Reflect  .    b - +0 helmet
rElec   .          Harm     .    (no cloak)
rCorr   .          Rampage  .    (no gloves)
Will    .....                    (no boots) Stlth
                                 (no amulet)
HPRegen 0.00/turn                (no ring)
MPRegen 0.11/turn                (no ring)

@: inhibited regen, very slow
A: claws 1, cold resistance 1, negative energy resistance 3, inhibited
regeneration, torment resistance 2, devour on kill
a: Renounce Religion, Bend Time


You were on level 5 of the Dungeon.
You worshipped Cheibriados.
Cheibriados was aware of your devotion.
You visited 1 branch of the dungeon, and saw 5 of its levels.

You collected 260 gold pieces.

Inventory:

Missiles
 c - 3 throwing nets (quivered)
 d - a javelin
 j - 8 poisoned darts
Armour
 b - a +0 helmet (worn)
 k - a +0 plate armour (worn)
Wands
 e - a wand of paralysis (6)
Scrolls
 i - a scroll of poison
Potions
 a - a potion of haste {unknown}
 f - 3 potions of heal wounds
 g - a potion of mutation {unknown}
 h - a potion of brilliance {unknown}
 l - a potion of degeneration {unknown}
 m - a potion of attraction {unknown}


   Skills:
 * Level 2.1 Fighting
 - Level 1.7 Throwing
 + Level 0.0 Armour
 + Level 2.6 Dodging
 * Level 9.0 Unarmed Combat
 + Level 3.0 Invocations


You had 6 spell levels left.
You didn't know any spells.
Your spell library was empty.

Dungeon Overview and Level Annotations

Branches:
Dungeon (5/15)
 Temple: D:4-7

Altars:
Cheibriados


Innate Abilities, Weirdness & Mutations

You are immune to poison.
You have sharp fingernails.
Your flesh is cold resistant. (rC+)
You are immune to negative energy. (rN+++)
You do not regenerate when monsters are visible.
You are immune to unholy pain and torment.
You thrive by killing the living.


Message History

The steam dragon bites you.
The steam dragon claws you but does no damage.
You barely miss the steam dragon.
The steam dragon is heavily wounded.
The steam dragon bites you.
The steam dragon claws you but does no damage.
You scratch the steam dragon but do no damage.
The steam dragon is heavily wounded.
You scratch the steam dragon but do no damage.
The steam dragon is heavily wounded.
The steam dragon breathes steam at you. The ball of steam hits you!
You hear an angry hiss.
You hear a shout!
You hear an angry hiss.
You are too injured to fight recklessly!
You are too injured to fight recklessly!
You are too injured to fight recklessly!
The steam dragon bites you.
The steam dragon claws you but does no damage.
The steam dragon barely misses you. The steam dragon completely misses you.
You scratch the steam dragon.
The steam dragon is heavily wounded.
The steam dragon bites you! The steam dragon claws you.
* * * LOW HITPOINT WARNING * * *
You claw the steam dragon!
The steam dragon is severely wounded.
You barely miss the steam dragon.
The steam dragon is severely wounded.
The steam dragon breathes steam at you. The ball of steam hits you!
* * * LOW HITPOINT WARNING * * *
You scratch the steam dragon but do no damage.
The steam dragon is severely wounded.
You are engulfed in a cloud of scalding steam.
* * * LOW HITPOINT WARNING * * *
The steam dragon barely misses you.
The steam dragon claws you but does no damage.
You scratch the steam dragon but do no damage.
The steam dragon is severely wounded.
You are engulfed in a cloud of scalding steam.
You die...

.. #.# .. .. #.
#.# #..## ##
#D@# .##
##.##..# #.§<#
...........#
########§.....#
#####.... ...
#.


You could see a steam dragon (catching breath).

Vanquished Creatures
  Sigmund (D:4)
  Blork the orc (D:4)
  A necrophage (D:4)
  2 scorpions (D:4)
  A hound (D:4)
  A gnoll bouda (D:4)
  An iguana (D:4)
  Terence (D:3)
  4 gnolls (D:4)
  6 adders
  2 worms (D:4)
  2 dart slugs
  9 orcs
  4 endoplasms
  4 giant cockroaches
  5 goblins
  8 hobgoblins
  7 jackals
  4 kobolds
  2 quokkas
  5 ball pythons
  8 bats
  2 frilled lizards (D:2)
  3 rats
84 creatures vanquished.

Notes
Turn   | Place    | Note
-------+----------+-------------------------------------------
     0 | D:1      | HoaS the Ghoul Gladiator began the quest for the Orb.
     0 | D:1      | Reached XP level 1. HP: 17/17 MP: 0/0
   160 | D:1      | Reached XP level 2. HP: 24/24 MP: 1/1
   216 | D:1      | Reached skill level 4 in Unarmed Combat
   703 | D:2      | Reached XP level 3. HP: 29/29 MP: 2/2
   909 | D:2      | Reached skill level 5 in Unarmed Combat
  1138 | D:2      | Reached XP level 4. HP: 36/36 MP: 3/3
  1588 | D:3      | You fall into a shaft and drop 1 floor!
  1615 | D:4      | Reached skill level 6 in Unarmed Combat
  1619 | D:4      | Noticed a scorpion
  1626 | D:4      | Killed a scorpion
  1627 | D:4      | Reached XP level 5. HP: 35/41 MP: 4/4
  1841 | D:3      | Found a faded altar of an unknown god.
  1904 | D:3      | Noticed Terence
  1919 | D:3      | Killed Terence
  1920 | D:3      | Reached skill level 7 in Unarmed Combat
  2168 | D:3      | Found a snail-covered altar of Cheibriados.
  2180 | D:3      | Became a worshipper of Cheibriados the Contemplative
  2289 | D:4      | Reached XP level 6. HP: 48/48 MP: 5/5
  2438 | D:4      | Noticed Sigmund
  2568 | D:4      | Killed Sigmund
  2609 | D:4      | Reached skill level 8 in Unarmed Combat
  2609 | D:4      | Reached XP level 7. HP: 45/55 MP: 7/7
  2763 | D:4      | Noticed Blork the orc
  2783 | D:4      | Killed Blork the orc
  2783 | D:4      | Reached * piety under Cheibriados
  2930 | D:4      | Reached skill level 9 in Unarmed Combat
  3078 | D:5      | Entered Level 5 of the Dungeon
  3078 | D:5      | Noticed a steam dragon
  3091 | D:5      | HP: 1/55 [steam dragon] (3)]
  3092 | D:5      | Engulfed by a steam dragon's steam

Illustrated notes

Levels and vault maps discovered:
D:1:      dpeg_arrival_shrine, layout_loops_ring, minmay_misc_feat_enclosed
D:2:      layout_rooms, minivault_27, hangedman_decor_riveting
D:3:      layout_basic, kennysheep_slug_shrine, ebering_ecumenical_altar_box,
          uniq_terence
D:4:      layout_basic, uniq_blork_the_orc, uniq_sigmund
D:5:      layout_rooms, mainiacjoe_overflow_alcove_2

Skill      XL: |  1  2  3  4  5  6  7 |
---------------+----------------------+-----
Unarmed Combat | 4 5 6 7 8 9 |  9.0
Invocations    | 2 3 |  3.0
Fighting       | |  2.1
Throwing       | |  1.7
Dodging        | |  2.6

Action                     |  1- 3 |  4- 6 |  7- 9 || total
---------------------------+-------+-------+-------++-------
  Melee: Unarmed           |   110 |   117 |    61 ||   288
         Punch             |     2 |     7 |     3 ||    12
  Evoke: Wand              |       |     2 |       ||     2
    Use: Scroll            |     5 |     3 |       ||     8
         Potion            |       |       |     1 ||     1
 Armour: Leather armour    |    35 |    24 |       ||    59
         Plate armour      |       |    22 |    23 ||    45
  Dodge: Dodged            |    58 |    58 |    17 ||   133

Table legend: (Time is in decaauts)
 A = Elapsed time spent in this place.
 B = Non-inter-level travel time spent in this place.
 C = Inter-level travel time spent in this place.
 D = Time resting spent in this place.
 E = Time spent auto-exploring this place.
 F = Levels seen in this place.
 G = Mean time per level.
                   A        B        C        D        E       F      G
               +--------+--------+--------+--------+--------+-----+--------+
         Total |   3255 |   3103 |    152 |    290 |   2097 |   5 |  651.0 |
       Dungeon |   3255 |   3103 |    152 |    290 |   2097 |   5 |  651.0 |
               +--------+--------+--------+--------+--------+-----+--------+

Top non-repeatable levels by time:
     D:3: 1023 daAuts
     D:4: 966 daAuts
     D:1: 706 daAuts
     D:2: 545 daAuts
     D:5: 13 daAuts
